Map: Prion Terraces

Players

IIIIIIIIIIII

  • Race: Protoss Protoss
  • League: Master

xKawaiian - Winner!

  • Race: Terran Terran
  • League: Master

VOD

Have the link to the VOD?

Description

Time

  • Played on: Jan. 13, 2016, 9:08 p.m.
  • Length: 10:38
Show
View Real Time Build Order
Export as new Build Order

IIIIIIIIIIII Protoss 

Build Orders: 1 Gate Expand, Zealot Archon 

Get SALT Encoding   

  12  0:01  Probe (Chrono Boost)  
  13  0:11  Probe (Chrono Boost)  
  14  0:18  Pylon  
  14  0:22  Probe (Chrono Boost)  
  15  0:37  Probe (Chrono Boost)  
  15  0:39  Gateway  
  16  0:47  Probe (Chrono Boost)  
  16  0:48  Assimilator  
  17  0:58  Probe (Chrono Boost)  
  18  1:08  Probe (Chrono Boost)  
  19  1:20  Nexus  
  19  1:32  Cybernetics Core  
  19  1:34  Probe (Chrono Boost)  
  20  1:41  Assimilator  
  20  1:45  Probe (Chrono Boost)  
  21  1:51  Pylon  
  21  1:55  Probe (Chrono Boost)  
  23  2:08  Probe (Chrono Boost)  
  23  2:09  Adept, Warp Gate  
  25  2:19  Mothership Core (Chrono Boost)  
  27  2:37  Probe (Chrono Boost)  
  27  2:38  Probe (Chrono Boost)  
  29  2:48  Probe (Chrono Boost)  
  29  2:49  Probe (Chrono Boost)  
  29  2:50  Robotics Facility  
  32  2:58  Probe (Chrono Boost)  
  32  2:59  Probe (Chrono Boost)  
  33  3:09  Probe (Chrono Boost)  
  33  3:10  Probe (Chrono Boost), Gateway  
  33  3:11  Adept  
  37  3:18  Gateway  
  37  3:21  Probe (Chrono Boost)  
  37  3:26  Probe (Chrono Boost)  
  39  3:31  Probe (Chrono Boost)  
  40  3:36  Probe (Chrono Boost)  
  40  3:39  Warp Prism (Chrono Boost)  
  43  3:42  Probe (Chrono Boost)  
  44  3:58  Probe  
  44  3:59  Probe  
  45  4:09  Probe  
  45  4:10  Gateway  
  46  4:17  Pylon  
  46  4:19  Pylon  
  46  4:22  Nexus  
  46  4:26  Assimilator  
  46  4:31  Assimilator  
  46  4:33  Probe  
  46  4:35  Probe  
  48  4:38  Pylon  
  48  4:43  Stalker  
  48  4:44  Stalker x2, Probe  
  54  4:50  Twilight Council  
  55  4:58  Probe  
  56  5:05  Adept  
  56  5:07  Adept x3  
  58  5:19  Probe  
  58  5:21  Probe  
  58  5:25  Immortal (Chrono Boost)  
  62  5:30  Templar Archives, Probe  
  62  5:33  Probe  
  62  5:35  Probe  
  64  5:40  Probe, Forge  
  66  5:44  Forge  
  66  5:45  Probe  
  67  6:00  Probe x2  
  67  6:02  Probe  
  70  6:09  Gateway  
  70  6:10  Gateway  
  70  6:11  High Templar x3  
  76  6:14  Probe, Psionic Storm  
  76  6:15  Gateway  
  76  6:17  Pylon  
  77  6:18  Protoss Ground Armor Level 1  
  70  6:35  Archon  
  63  6:40  Adept  
  63  6:47  Probe  
  63  6:48  Adept x3  
  63  6:49  Probe  
  71  6:56  Mothership Core  
  73  7:02  Adept  
  73  7:05  Probe  
  76  7:14  Zealot, Pylon, High Templar  
  76  7:15  Zealot x2  
  84  7:17  Probe  
  84  7:21  Pylon  
  85  7:23  Pylon  
  85  7:25  Gateway  
  85  7:27  Assimilator  
  85  7:29  Protoss Ground Weapons Level 1  
  85  7:31  Probe x2  
  85  7:32  Probe, Assimilator  
  85  7:35  Pylon  
  88  7:37  Pylon  
  88  7:39  High Templar  
  88  7:41  Probe x2, High Templar  
  90  7:53  Probe  
  90  7:55  Adept x3  
  91  8:03  Pylon  
  91  8:05  Pylon  
  85  8:07  Probe x2  
  85  8:08  Probe  
  85  8:10  Immortal (Chrono Boost)  
  90  8:13  Zealot  
  90  8:14  Zealot  
  90  8:17  Zealot x3  
  90  8:19  Probe  
  83  8:38  Zealot x3  
  76  8:49  Zealot x2  
  76  8:50  Charge (Chrono Boost)  
  78  8:57  High Templar x2  
  78  8:59  Zealot x2  
  86  9:03  Pylon  
  86  9:06  Pylon  
  86  9:08  Pylon  
  86  9:10  Pylon  
  86  9:12  Pylon  
  86  9:18  Pylon, Warp Prism (Chrono Boost)  
  86  9:20  Pylon  
  88  9:27  Zealot x3  
  94  9:33  Zealot x2  
  96  9:48  Zealot x2  
  96  9:49  Zealot x2  
  96  9:52  Probe x2  
  101  10:00  Adept  
  101  10:01  Adept  
  101  10:03  High Templar  
  95  10:21  Zealot x2  
  95  10:22  Zealot x2  
Show
View Real Time Build Order
Export as new Build Order

xKawaiian Terran - Winner!

Build Orders: Reaper Expand, MMM Bio 

Get SALT Encoding   

  12  0:01  SCV  
  13  0:13  SCV  
  14  0:18  Supply Depot  
  14  0:25  SCV  
  15  0:39  SCV  
  15  0:41  Barracks  
  16  0:48  Refinery  
  16  0:51  SCV  
  17  1:03  SCV  
  18  1:15  SCV  
  19  1:29  Orbital Command  
  19  1:32  Reaper  
  20  1:39  Command Center  
  20  1:49  Supply Depot  
  20  1:55  SCV  
  21  2:04  Barracks Reactor  
  21  2:07  SCV  
  21  2:08  Barracks  
  22  2:15  Barracks  
  22  2:19  SCV  
  23  2:31  SCV  
  24  2:42  Marine x2  
  24  2:43  SCV  
  27  2:47  Bunker  
  27  2:52  Orbital Command  
  27  2:55  SCV  
  27  2:57  Barracks Tech Lab  
  28  3:00  Marine  
  28  3:02  Marine  
  28  3:05  Factory  
  30  3:06  Marine  
  30  3:12  SCV, Refinery  
  32  3:17  Marine  
  33  3:22  SCV  
  33  3:24  SCV  
  35  3:27  Stimpack  
  35  3:29  Marine  
  35  3:30  Marine  
  37  3:35  SCV  
  37  3:36  SCV  
  37  3:38  Marine  
  37  3:39  Marine  
  41  3:43  Supply Depot  
  41  3:47  SCV, Marine  
  41  3:48  SCV  
  44  3:50  Marine  
  45  3:58  Starport  
  45  3:59  SCV, Factory Reactor  
  45  4:00  SCV  
  46  4:06  Supply Depot  
  46  4:08  Supply Depot  
  46  4:11  SCV, Marine  
  46  4:12  SCV  
  46  4:14  Marine  
  46  4:15  Marine  
  51  4:23  SCV  
  52  4:24  SCV, Marine  
  54  4:33  Marine  
  54  4:35  SCV  
  54  4:36  SCV  
  58  4:38  Command Center  
  58  4:41  Medivac  
  58  4:43  Medivac  
  58  4:45  Marine  
  62  4:47  SCV  
  62  4:48  SCV  
  64  4:54  Refinery  
  64  4:55  Refinery, Marine x2  
  64  4:57  Supply Depot  
  64  4:59  SCV  
  67  5:00  Marine  
  67  5:01  SCV  
  67  5:03  Marine  
  69  5:12  Marine  
  66  5:15  Marine  
  66  5:19  Marauder  
  68  5:27  Marine  
  69  5:29  Factory Reactor  
  69  5:30  Marine  
  70  5:37  SCV  
  70  5:38  SCV  
  70  5:39  Marine, Medivac  
  70  5:40  Marauder  
  77  5:49  Marine x2  
  79  5:50  Combat Shields, Barracks x2  
  78  5:57  Marine  
  78  6:02  SCV  
  82  6:05  Orbital Command  
  82  6:07  SCV  
  81  6:11  Marine  
  81  6:14  SCV  
  81  6:16  Supply Depot  
  83  6:19  Marauder, Marine  
  83  6:24  Medivac  
  88  6:29  Barracks Tech Lab  
  88  6:31  SCV  
  88  6:39  Marine  
  85  6:40  Barracks Reactor x2, Orbital Command  
  85  6:41  Marauder  
  85  6:46  Marine  
  86  6:50  SCV  
  86  6:52  Engineering Bay x2  
  87  6:55  Marine  
  87  6:57  Medivac, Widow Mine  
  87  7:00  Marine  
  93  7:02  Marauder  
  93  7:03  Concussive Shells  
  93  7:04  Marine  
  96  7:09  Medivac  
  96  7:14  Marauder  
  100  7:18  Marine  
  100  7:20  Marine, Widow Mine  
  100  7:21  Supply Depot  
  100  7:22  Terran Infantry Weapons Level 1, Supply Depot  
  104  7:24  Terran Infantry Armor Level 1  
  103  7:33  Widow Mine  
  103  7:34  Marauder  
  103  7:36  Supply Depot x2, Marine  
  110  7:37  Marauder, Marine  
  110  7:38  SCV  
  110  7:41  Marine  
  113  7:48  Marine x2  
  113  7:49  Widow Mine  
  116  7:53  Marine  
  116  7:55  Marauder  
  116  7:56  Marine  
  119  7:58  Marauder  
  119  8:01  Widow Mine  
  119  8:03  Marine  
  117  8:07  Marine x2  
  117  8:09  Marine  
  119  8:13  Marine  
  119  8:15  Marine  
  119  8:16  Marauder  
  119  8:17  Widow Mine  
  126  8:20  Marauder  
  126  8:21  Marine, Medivac x2  
  126  8:25  Marine x2  
  123  8:27  Marine  
  123  8:30  Marine, Widow Mine  
  123  8:33  Liberator, Marine  
  123  8:34  Liberator  
  123  8:38  Marauder  
  123  8:39  Marine  
  127  8:41  Marauder  
  127  8:44  Marine  
  127  8:45  Marine x2  
  130  8:48  Marine  
  130  8:49  Refinery x2  
  130  8:50  Marine  
  130  8:52  Armory  
  136  8:59  Marauder  
  136  9:02  Marauder, Marine  
  141  9:06  Command Center  
  141  9:11  SCV  
  141  9:13  Marine  
  141  9:14  Marine x2  
  145  9:17  SCV  
  145  9:21  Marauder  
  148  9:30  Supply Depot  
  148  9:32  Supply Depot  
  148  9:33  Supply Depot, Marine  
  148  9:34  Supply Depot  
  148  9:38  Supply Depot  
  149  9:40  SCV, Marauder, Marine  
  149  9:42  Marauder  
  149  9:43  Marine  
  156  10:00  Marine x2  
  156  10:02  Marauder  
  156  10:05  SCV  
  156  10:06  Marine  
  162  10:11  Marine x2  
  162  10:12  Marauder  
  166  10:17  Missile Turret  
Tags
 
Add a new tag
Caveats
  • Supply blocks, unpowered buildings, or Contaminate may cause inaccurate times.
  • Supply counts are checked every 10 seconds.